 Dungeon Crawl Stone Soup version 0.31-a0-859-g9dce7d3444 (webtiles) character file.

Game seed: 2176800566325301510

256 Maratek the Digger (level 6, -5/32 HPs)
             Began as a Gargoyle Earth Elementalist on Oct 9, 2023.
             Shot with an arrow by a centaur (14 damage)
             ... on level 5 of the Dungeon.
             The game lasted 00:06:46 (3820 turns).

Maratek the Digger (Gargoyle Earth Elementalist)    Turns: 3820, Time: 00:06:47

Health: -5/32      AC:  7    Str: 12    XL:     6   Next: 16%
Magic:  12/12      EV: 12    Int: 21    God:
Gold:   193        SH:  0    Dex: 12    Spells: 9/13 levels left

rFire   . . .        r - +3 hand axe of the Thoughtful Demons {freeze, Contam Int+4 Dex+2}
rCold   . . .        (no shield)
rNeg    + . .        a - +0 robe
rPois   ∞            e - +0 helmet
rElec   +            (no cloak)
rCorr   .            (no gloves)
SInv    .            (no boots)
Will    .....        (no amulet)
Stlth   ++           (no ring)
HPRegen 0.25/turn    (no ring)
MPRegen 0.13/turn

%: no passive effects
@: no status effects
A: sickness immunity, AC +4, negative energy resistance 1, electricity
resistance, torment resistance 1, petrification resistance
a: no special abilities


You were on level 5 of the Dungeon.
You visited 1 branch of the dungeon, and saw 5 of its levels.

You collected 193 gold pieces.

Inventory:

Hand Weapons
 p - the +1 falchion of Sin {holy, Dex+2}
   (You took it off a kobold on level 4 of the Dungeon)

   Dex+2:     It affects your dexterity (+2).
 r - the +3 hand axe of the Thoughtful Demons (weapon) {freeze, Contam Int+4 Dex+2}
   (You took it off a hobgoblin on level 4 of the Dungeon)

   Int+4:     It affects your intelligence (+4).
   Dex+2:     It affects your dexterity (+2).
   Contam:    It causes magical contamination when unequipped.
Armour
 a - a +0 robe (worn)
 e - a +0 helmet (worn)
Magical Staves
 o - a staff of conjuration
Wands
 u - a wand of charming (7)
Scrolls
 f - 3 scrolls of vulnerability {unknown}
 g - a scroll of acquirement {unknown}
 h - a scroll of butterflies {unknown}
 j - a scroll of fear {unknown}
 m - a scroll of identify {unknown}
 s - 3 scrolls of amnesia {unknown}
Potions
 b - a potion of magic
 c - 2 potions of curing {unknown}
 d - a potion of might {unknown}
 i - a potion of mutation {unknown}
 k - 2 potions of berserk rage {unknown}
 l - a potion of invisibility {unknown}
 n - 2 potions of haste {unknown}
 q - a potion of attraction {unknown}
 t - a potion of heal wounds {unknown}


   Skills:
 + Level 0.1 Fighting
 + Level 1.7 Dodging
 + Level 2.6 Stealth
 + Level 4.0 Spellcasting
 + Level 0.7 Transmutations
 + Level 6.1 Earth Magic


You had 9 spell levels left.
You knew the following spells:

 Your Spells              Type           Power      Damage    Failure   Level
a - Sandblast             Erth           60%        2d14      1%          1
b - Stone Arrow           Conj/Erth      34%        3d9       10%         3

Your spell library contained the following spells:

 Spells                   Type           Power      Damage    Failure   Level
 Passwall                 Tmut/Erth      15%        N/A       4%          2
 Freeze                   Ice            16%        1d4       12%         1
 Petrify                  Tmut/Erth      18%        N/A       28%         4
 Brom's Barrelling Bould  Conj/Erth      17%        2d4       32%         4
 Frozen Ramparts          Ice            8%         1d2       34%         3
 Hailstorm                Conj/Ice       4%         3d4       34%         3


Dungeon Overview and Level Annotations

Branches:
Dungeon (5/15)
 Temple: D:4-7

Altars:
Zin

Shops:
D:2 [

Annotations:
D:5 Pikel


Innate Abilities, Weirdness & Mutations

You are immune to sickness and miasma.
Your stone body is resilient. (AC +4)
You are immune to poison.
You resist negative energy. (rN+)
You are resistant to electric shocks. (rElec)
You are resistant to unholy torment.
You are immune to petrification.


Message History

Okay, then.
Things that are here:
a +0 dagger; a +0 robe; an orc skeleton You see here a +0 flail.
Things that are here:
a +0 mace; a +0 leather armour Done exploring.
Done exploring.
Done exploring.
No target in view!
No target in view!
Things that are here:
a +0 mace; a +0 leather armour You see here a +0 flail.
There is a stone staircase leading down here.
You climb downwards.
There is a stone staircase leading up here.
You now have 177 gold pieces (gained 12).
s - a scroll labelled PAUCUU TUGO You now have 189 gold pieces (gained 12).
s - 2 scrolls labelled PAUCUU TUGO (gained 1)
s - 3 scrolls labelled PAUCUU TUGO (gained 1)
Found a leather armour.
t - a red potion
u - a wand of charming (7)
You now have 193 gold pieces (gained 4).
A lemure comes into view.
The lemure shouts!
You hear a shout! x2
A lemure and a centaur come into view.
The lemure shouts!
The centaur shouts!
You hear a shout!
Pikel, Merchant of Souls comes into view.
He is wielding a +0 whip of flaming.
The centaur wields a +0 orcbow.
The centaur shoots an arrow.
The arrow hits you!
The centaur shoots an arrow.
The arrow hits you!
The centaur shoots an arrow.
The arrow misses you.
The centaur shoots an arrow.
The arrow hits you.
The centaur shoots an arrow.
The arrow hits you.
* * * LOW HITPOINT WARNING * * *
The centaur shoots an arrow.
The arrow hits you!
You die...

.# ##.. .. ##. #.
############ #.##
#..........# ..#
##........... #.#
##............
#.###.............
#.................
.
##@####............
... ##.##
#............. ....
##.##
#.............
..... ##..#
##............
.....##..####
###..........
#....c##..##
##.........
####.5.....###
###.......
##........##
###...##
#.........## #####


You could see a lemure and a centaur.

Vanquished Creatures
  An iguana (D:4)
  2 orc wizards (D:4)
  6 adders
  4 gnolls
  2 worms
  A dart slug (D:3)
  7 orcs
  3 ball pythons
  10 endoplasms
  3 giant cockroaches
  7 goblins
  9 hobgoblins
  3 jackals (D:2)
  3 bats (D:3)
  4 frilled lizards
  6 kobolds
  4 rats
75 creatures vanquished.

Notes
Turn   | Place    | Note
-------+----------+-------------------------------------------
     0 | D:1      | Maratek the Gargoyle Earth Elementalist began the quest for
                  | the Orb.
     0 | D:1      | Reached XP level 1. HP: 10/10 MP: 3/3
   375 | D:1      | Reached skill level 4 in Earth Magic
   375 | D:1      | Reached XP level 2. HP: 15/15 MP: 0/5
  1057 | D:2      | Reached XP level 3. HP: 19/19 MP: 4/6
  1366 | D:2      | Reached XP level 4. HP: 24/24 MP: 0/8
  1465 | D:2      | Found Orphauciyf's Armour Shop.
  1908 | D:3      | Reached skill level 5 in Earth Magic
  2137 | D:3      | Found a glowing silver altar of Zin.
  2280 | D:3      | Reached XP level 5. HP: 26/28 MP: 5/9
  2840 | D:4      | Identified the +3 hand axe of the Thoughtful Demons
                  | {freeze, Contam Int+4 Dex+2}
  2882 | D:4      | Identified the +1 falchion of Sin {holy, Dex+2}
  3026 | D:4      | Reached skill level 6 in Earth Magic
  3031 | D:4      | HP: 1/28 [orc/+0 mace (3)]
  3052 | D:4      | Reached XP level 6. HP: 5/32 MP: 2/11
  3195 | D:4      | Learned a level 3 spell: Stone Arrow
  3698 | D:5      | Entered Level 5 of the Dungeon
  3790 | D:5      | Noticed Pikel
  3820 | D:5      | Shot with an arrow by a centaur

Illustrated notes

Levels and vault maps discovered:
D:1:      nzn_arrival_water_spiral, layout_loops_corners,
          chequers_serial_rivers_micro_e
D:2:      layout_basic, serial_shops, shop
D:3:      layout_rooms, zin_scriptorium
D:4:      layout_basic
D:5:      layout_cave_pods, uniq_ijyb, uniq_edmund, uniq_pikel, uniq_duvessa

Skill      XL: |  1  2  3  4  5  6 |
---------------+-------------------+-----
Earth Magic    | 4 5 6 |  6.1
Spellcasting   | 3 4 |  4.0
Fighting       | |  0.1
Dodging        | |  1.7
Stealth        | |  2.6
Transmutations | |  0.7

Action                     |  1- 3 |  4- 6 || total
---------------------------+-------+-------++-------
  Melee: Unarmed           |     4 |       ||     4
         Staff             |       |    25 ||    25
   Cast: Sandblast         |    39 |    79 ||   118
 Armour: Robe              |    10 |    83 ||    93
  Dodge: Dodged            |    10 |    39 ||    49

Table legend: (Time is in decaauts)
 A = Elapsed time spent in this place.
 B = Non-inter-level travel time spent in this place.
 C = Inter-level travel time spent in this place.
 D = Time resting spent in this place.
 E = Time spent auto-exploring this place.
 F = Levels seen in this place.
 G = Mean time per level.
                   A        B        C        D        E       F      G
               +--------+--------+--------+--------+--------+-----+--------+
         Total |   3882 |   3810 |     72 |    211 |   3005 |   5 |  776.4 |
       Dungeon |   3882 |   3810 |     72 |    211 |   3005 |   5 |  776.4 |
               +--------+--------+--------+--------+--------+-----+--------+

Top non-repeatable levels by time:
     D:4: 1103 daAuts
     D:2: 967 daAuts
     D:1: 964 daAuts
     D:3: 724 daAuts
     D:5: 121 daAuts
